 Dungeon Crawl Stone Soup version 0.29.1-2-gbd0b4ee654 (webtiles) character file.

Game seed: 15126229061060538869

46 cdecastro the Insei (level 3, -1/23 HPs)
             Began as an Octopode Transmuter on Nov 2, 2022.
             Was a Believer of Makhleb.
             Slain by a kobold
             ... wielding a +0 dagger
              (2 damage)
             ... on level 2 of the Dungeon.
             The game lasted 00:02:14 (1156 turns).

cdecastro the Insei (Octopode Transmuter)           Turns: 1156, Time: 00:02:15

Health: -1/23      AC:  1    Str:  9    XL:     3   Next: 68%
Magic:  5/6        EV: 13    Int: 17    God:    Makhleb [**....]
Gold:   33         SH:  5    Dex: 12    Spells: 5/6 levels left

rFire   . . .      SeeInvis .     - Unarmed
rCold   . . .      Faith    .   (no shield)
rNeg    . . .      Spirit   .   (helmet restricted)
rPois   .          Reflect  +   f - amulet of reflection
rElec   .          Harm     .   (no ring)
rCorr   .          Rampage  .   (no ring)
Will    .....                   (no ring)
Stlth   ++........              (no ring)
HPRegen 0.07/turn               (no ring)
MPRegen 0.10/turn               (no ring)
                                (no ring)
                                (no ring)

@: no status effects
A: almost no armour, amphibious, 8 rings, camouflage 1, gelatinous body 1,
(nimble swimmer 1), tentacles
a: Renounce Religion, Minor Destruction


You were on level 2 of the Dungeon.
You worshipped Makhleb.
Makhleb was pleased with you.
You visited 1 branch of the dungeon, and saw 2 of its levels.

You collected 33 gold pieces.

Inventory:

Missiles
 g - 17 stones
Jewellery
 b - a ring of ice
 f - an amulet of reflection (around mantle)
 j - a ring of ice
Scrolls
 c - a scroll of blinking {unknown}
 d - 4 scrolls of identify {unknown}
 e - a scroll of immolation {unknown}
 k - a scroll of amnesia {unknown}
Potions
 a - a potion of lignification
 h - a potion of attraction {unknown}
 i - 3 potions of curing {unknown}


   Skills:
 - Level 1.0 Fighting
 - Level 2.0 Dodging
 + Level 3.5 Unarmed Combat
 - Level 2.0 Spellcasting
 * Level 3.4 Transmutations


You had 5 spell levels left.
You knew the following spells:

 Your Spells              Type           Power      Damage    Failure   Level
a - Beastly Appendage     Tmut           26%        N/A       4%          1

Your spell library contained the following spells:

 Spells                   Type           Power      Damage    Failure   Level
 Wereblood                Tmut           13%        N/A       7%          2
 Sublimation of Blood     Necr           1%         N/A       28%         2
 Spider Form              Tmut/Pois      7%         N/A       28%         3
 Dazzling Flash           Conj/Hex       2%         N/A       50%         3
 Ice Form                 Ice/Tmut       7%         N/A       67%         4
 Iskenderun's Mystic Bla  Conj/Tloc      1%         2d3       88%         4
 Starburst                Conj/Fire      0%         6d3       100%        6
 Summon Hydra             Summ           0%         N/A       100%        7


Dungeon Overview and Level Annotations

Branches:
Dungeon (2/15)

Altars:
Makhleb

Annotations:
D:2 Natasha


Innate Abilities, Weirdness & Mutations

You cannot wear most types of armour.
You are amphibious.
You can wear up to eight rings at the same time.
Your skin changes colour to match your surroundings (Stealth+).
Your rubbery body absorbs attacks. (AC +1, EV +1)
((You are camouflaged when in or above water. (Stealth+)))
You have tentacles for arms and can constrict up to eight enemies at once.


Message History

You block the quokka's attack.
You tentacle-slap the quokka. You grab the quokka.
Your tentacle spike misses the quokka.
You squeeze the quokka.
You kill the quokka!
Makhleb accepts your kill.
k - a scroll labelled SOVALINOYCU Your tentacle spike disappears.
Natasha, Servant of Life and Death comes into view.
She is carrying a wand of quicksilver (9).
Natasha is nearby!
A kobold comes into view. It is wielding a +0 dagger.
The kobold shouts!
Found a stone staircase leading down.
Natasha zaps a wand.
The bolt of dispelling energy misses you.
Casting: Beastly Appendage (safe; 4% risk of failure)
Press: ? - help, Q - select action, (/) - cycle Dir - look around, f - activate One of your tentacles grows a vicious spike.
Natasha stares at you and mumbles some strange words.
The magic dart hits you!
Unknown command.
The kobold barely misses you. Natasha barely misses you.
You closely miss Natasha. Your grab misses Natasha.
Your squeeze misses Natasha. You block the kobold's attack.
Natasha zaps a wand.
The bolt of dispelling energy misses you.
Unknown command.
You barely miss Natasha. You grab Natasha. You constrict Natasha.
The kobold misses you.
Natasha zaps a wand.
The bolt of dispelling energy hits you!
Your magical effects are unravelling.
Ouch! That really hurt!
* * * LOW HITPOINT WARNING * * *
Unknown command.
Unknown command.
You tentacle-slap Natasha but do no damage.
You pierce Natasha, but do no damage.
You squeeze Natasha.
Natasha is lightly wounded.
Your tentacle spike disappears.
You constrict Natasha. The kobold hits you with a +0 dagger.
You die...

#.#.#..#######
#.#.#........#
.######....#.#.#####
...................#
.###.##.#..#.#.###.#
# # #.#..#.#.# #)#.#
#.##.#..#.#.###.#.##.
#....................
#.##@#..#.......#.#..
#.....hK......#...#.#
>..........#.#.#.#.#
#
.#.###..##.#.#.#.#.#
.. ........#.#.#.#
##### .#.#.#.#.#
....#.....#
###########.###.###
#.....#.....###.#


You could see Natasha and a kobold.

Vanquished Creatures
  An adder (D:2)
  2 dart slugs (D:1)
  4 ball pythons
  3 bats
  An endoplasm (D:1)
  A giant cockroach (D:2)
  6 goblins
  2 hobgoblins (D:1)
  2 quokkas
  3 frilled lizards
  3 kobolds
  4 rats
32 creatures vanquished.

Notes
Turn   | Place    | Note
-------+----------+-------------------------------------------
     0 | D:1      | cdecastro the Octopode Transmuter began the quest for the
                  | Orb.
     0 | D:1      | Reached XP level 1. HP: 13/13 MP: 3/3
   127 | D:1      | Found a faded altar of an unknown god.
   137 | D:1      | Reached XP level 2. HP: 18/18 MP: 5/5
   154 | D:1      | Prayed at the altar of an unknown god.
   154 | D:1      | Became a worshipper of Makhleb the Destroyer
   154 | D:1      | Reached * piety under Makhleb
   523 | D:1      | Reached XP level 3. HP: 7/23 MP: 6/6
  1083 | D:2      | Reached ** piety under Makhleb
  1147 | D:2      | Noticed Natasha
  1155 | D:2      | HP: 1/23 [Natasha/bolt of dispelling energy (13)]
  1156 | D:2      | Slain by a kobold

Illustrated notes

Levels and vault maps discovered:
D:1:      ncdulo_smallfort, layout_loops_cross, ebering_ecumenical_altar_mist
D:2:      minmay_angry_zag, layout_basic, uniq_natasha

Skill      XL: |  1  2 |
---------------+-------+-----
Transmutations | 3 |  3.4
Fighting       | |  1.0
Dodging        | |  2.0
Unarmed Combat | |  3.5
Spellcasting   | |  2.0

Action                   || total
-------------------------++-------
Melee: Unarmed           ||    55
       Constrict         ||    21
       Tentacles         ||    14
       Kick              ||    13
       Punch             ||     4
 Cast: Beastly Appendage ||    16
 Stab: Sleeping          ||     7
Armor: Skin              ||     7
Dodge: Dodged            ||    45
Block: Other             ||     3
